 Dungeon Crawl Stone Soup version 0.25-a0-561-g0977b4d109 (webtiles) character file.

Game seed: 14743208208079919306, levelgen mode: deterministic

55 Flugslaktarn the Shield-Bearer (level 3, 0/34 HPs)
             Began as a Deep Dwarf Fighter on Feb 25, 2020.
             Was an Initiate of Gozag.
             Slain by Sigmund
             ... wielding a +0 scythe
              (6 damage)
             ... on level 3 of the Dungeon.
             The game lasted 00:00:34 (617 turns).

Flugslaktarn the Shield-Bearer (Deep Dwarf Fighter)  Turns: 617, Time: 00:00:35

Health: 0/34       AC:  6    Str: 20    XL:     3   Next: 67%
Magic:  2/2        EV:  7    Int:  8    God:    Gozag
Gold:   80         SH:  9    Dex: 12    Spells: 2/2 levels left

rFire    . . .     SeeInvis .   a - +0 war axe
rCold    . . .     Gourm    .   c - +0 kite shield
rNeg     . . .     Faith    .   b - +0 scale mail
rPois    .         Spirit   .   (no helmet)
rElec    .         Reflect  .   (no cloak)
rCorr    .         Harm     .   (no gloves)
MR       .....                  (no boots)
Stlth    ..........             (no amulet)
HPRegen  0.00/turn              (no ring)
MPRegen  0.08/turn              (no ring)

@: lethally poisoned (0 -> 0), gold aura, non-regenerating, lightly drained
A: damage resistance, heal wounds, sense surroundings 1, no regeneration
a: Heal Wounds, Potion Petition, Call Merchant, Bribe Branch, Renounce Religion


You were on level 3 of the Dungeon.
You worshipped Gozag.
Gozag was noncommittal.
You were not hungry.

You visited 1 branch of the dungeon, and saw 3 of its levels.

You collected 87 gold pieces.
You paid 7 gold pieces to Gozag.

Inventory:

Hand Weapons
 a - a +0 war axe (weapon)
Armour
 b - a +0 scale mail (worn)
 c - a +0 kite shield (worn)
Scrolls
 g - 3 scrolls of identify {unknown}
 h - a scroll of fog {unknown}
 i - a scroll of fear {unknown}
 j - a scroll of remove curse {unknown}
 k - 4 scrolls of enchant armour {unknown}
Potions
 d - a potion of might
Comestibles
 e - 2 rations


   Skills:
 + Level 3.1(2.9) Fighting
 * Level 3.2(3.1) Axes
 + Level 3.7(3.5) Armour
 + Level 3.7(3.6) Shields


You had 2 spell levels left.
You didn't know any spells.
Your spell library was empty.

Dungeon Overview and Level Annotations

Branches:
Dungeon (3/15)

Altars:
Gozag

Shops:
D:2 *

Annotations:
D:3 Sigmund


Innate Abilities, Weirdness & Mutations

You are resistant to damage.
You can heal yourself by infusing magical energy.
You passively map a small area around you.
You do not regenerate.


Message History

Something hits you!
Things that are here:
6 gold pieces; a +0 club You are too injured to fight recklessly!
You feel much better. You block the orc's attack.
You completely miss something. You hit the orc but do no damage.
Something hits you! The orc hits you with a +0 short sword.
You closely miss something. You hit the orc. Something hits you.
The orc hits you with a +0 short sword.
All of the chunks of flesh in your inventory have rotted away.
You slash something! You hit the orc.
You kill the orc!
Something hits you!
You closely miss something. Something hits you!
* * * LOW HITPOINT WARNING * * *
Your shield and scale mail prevent you from hitting something.
Something hits you.
You fail to use your ability.
Something hits you!
You die...
Your body crumbles into a pile of gold.

,,..............# ,
,..............## * *
................., , ,
................. * ,
................. ,
.................. , ,
.................. ,
.....?.$@........
,.........{....... , *
### , ..............## *
** #.. ........((....#
#.. ..............### #..
, ................# #.. $
,..........(...#.#### #..
* *
#############>..#..####..
#.........#..


There were no monsters in sight!

Vanquished Creatures
  2 adders (D:2)
  A dart slug (D:2)
  A leopard gecko (D:1)
  An orc (D:3)
  4 goblins
  2 hobgoblins (D:2)
  3 jackals (D:1)
  6 kobolds
  A ball python (D:2)
  7 bats
  A frilled lizard (D:2)
  A rat (D:3)
30 creatures vanquished.

Notes
Turn   | Place    | Note
-------+----------+-------------------------------------------
     0 | D:1      | Flugslaktarn the Deep Dwarf Fighter began the quest for the
                  | Orb.
     0 | D:1      | Reached XP level 1. HP: 20/20 MP: 1/1
    27 | D:1      | Reached XP level 2. HP: 27/27 MP: 2/2
   273 | D:2      | Reached XP level 3. HP: 28/33 MP: 3/3
   431 | D:2      | Found an opulent altar of Gozag.
   431 | D:2      | Found Gozag's Platinum Reserve.
   454 | D:2      | Became a worshipper of Gozag Ym Sagoz the Greedy
   584 | D:3      | Noticed Sigmund
   617 | D:3      | Slain by Sigmund

Levels and vault maps discovered:
D:1:      lemuel_arrival_tunnels, layout_rooms
D:2:      layout_loops_corners, nicolae_gozag_zags_fifth_avenue,
          marbit_many_paths, first_ration, uniq_jessica
D:3:      layout_basic, minmay_misc_feat_tower, okawaru_metal_pillars_3,
          uniq_natasha, uniq_sigmund

Skill      XL: |  1  2  3 |
---------------+----------+-----
Axes           | 3 |  3.2
Fighting       | 3 |  3.1
Armour         | |  3.7
Shields        | |  3.7

Action                   || total
-------------------------++-------
Melee: War axe           ||    77
 Abil: Heal Wounds       ||     3
Armor: Scale mail        ||    42
Dodge: Dodged            ||    26
Block: Kite shield       ||    50

Table legend:
 A = Non-vault XP
 B = Vault XP
 C = Vault XP percentage of total XP
 D = Non-vault monster count
 E = Vault monster count
 F = Vault count percentage of total count
                 A         B        C        D         E       F
            +---------+---------+-------+---------+---------+-------
      Total |      77 |       2 |   2.5 |      29 |       1 |   3.3
            +---------+---------+-------+---------+---------+-------
        D:1 |      20 |       0 |   0.0 |      10 |       0 |   0.0
        D:2 |      48 |       2 |   4.0 |      14 |       1 |   6.7
        D:3 |       9 |       0 |   0.0 |       5 |       0 |   0.0
            +---------+---------+-------+---------+---------+-------
